TOP OF THE 1ST |
Pawnee ParksNRec batting - Pitching for Tortolita Drummers : LHP Nick Dalton
|
Pitching: LHP Nick Dalton
|
|
Batting: RHB Hiroshige Ohashi
|
0-0: Foul Ball, location: 2F 0-1: Swinging Strike 0-2: Strikes out looking
|
Batting: RHB Bartolo Álvarez
|
0-0: Ball 1-0: Swinging Strike 1-1: Ground out 5-3 (Groundball, 56, EV 83.1 MPH)
|
Batting: RHB Josh Mawdesley
|
0-0: Called Strike 0-1: Ball 1-1: Ball 2-1: Ball 3-1: Foul Ball, location: 2F 3-2: SINGLE (Line Drive, 78M, EV 100.6 MPH)
|
Batting: RHB Elmer Kent
|
0-0: SINGLE (Line Drive, 7S, EV 101.9 MPH) Josh Mawdesley to second
|
Batting: LHB Won-shik Yi
|
0-0: Ball 1-0: Foul Ball, location: 2F 1-1: Foul Ball, location: 2F 1-2: Ball 2-2: SINGLE (Line Drive, 7S, EV 107.5 MPH) Josh Mawdesley to third Elmer Kent to second
|
Batting: RHB Charles Atkinson
|
0-0: Foul Ball, location: 2F 0-1: Called Strike 0-2: Ball 1-2: Ground out 6-3 (Groundball, 6S, EV 86.2 MPH)
|
Top of the 1st over - 0 runs, 3 hits, 0 errors, 3 left on base; Pawnee 0 - Tortolita 0 |
BOTTOM OF THE 1ST |
Tortolita Drummers batting - Pitching for Pawnee ParksNRec : RHP José Espinosa
|
Pitching: RHP José Espinosa
|
|
Batting: LHB Carlos Leyva
|
0-0: Foul Ball, location: 2F 0-1: Ball 1-1: Ground out 4-3 (Groundball, 4, EV 103.1 MPH)
|
Batting: LHB Lonnie Baker
|
0-0: Called Strike 0-1: Foul Ball, location: 2F 0-2: Foul Ball, location: 2F 0-2: SINGLE (Groundball, 34D, EV 103.8 MPH)
|
Batting: LHB Shawn Kyllo
|
0-0: Called Strike 0-1: Called Strike 0-2: Ball 1-2: Fly out, F7 (Flyball, 78S, EV 70.0 MPH)
|
Batting: SHB John Wilder
|
0-0: Fly out, F9 (Flyball, 9D, EV 93.1 MPH)
|
Bottom of the 1st over - 0 runs, 1 hit, 0 errors, 1 left on base; Pawnee 0 - Tortolita 0 |
TOP OF THE 2ND |
Pawnee ParksNRec batting - Pitching for Tortolita Drummers : LHP Nick Dalton
|
Batting: RHB Baldwin Biele
|
0-0: Fly out, F8 (Flyball, 8LD, EV 99.4 MPH)
|
Batting: RHB Ashton Bailey
|
0-0: Ball 1-0: Foul Ball, location: 2F 1-1: SINGLE (Line Drive, 3D, EV 98.8 MPH)
|
Batting: RHB Henry Kent
|
0-0: Called Strike 0-1: Grounds into double play, 5-4-3 (Groundball, 56S, EV 81.9 MPH)
|
Top of the 2nd over - 0 runs, 1 hit, 0 errors, 0 left on base; Pawnee 0 - Tortolita 0 |
BOTTOM OF THE 2ND |
Tortolita Drummers batting - Pitching for Pawnee ParksNRec : RHP José Espinosa
|
Batting: RHB Tsuneari Hirano
|
0-0: Foul Ball, location: 2F 0-1: Ball 1-1: Ball 2-1: Ground out 6-3 (Groundball, 6, EV 83.8 MPH)
|
Batting: RHB Ken Moore
|
0-0: Ball 1-0: Swinging Strike 1-1: Foul Ball, location: 2F 1-2: Foul Ball, location: 2F 1-2: Ball 2-2: Foul Ball, location: 2F 2-2: Ball 3-2: Fly out, F8 (Flyball, 8LXD, EV 86.9 MPH)
|
Batting: RHB Lonnie Doble
|
0-0: Called Strike 0-1: Ball 1-1: Called Strike 1-2: Strikes out looking
|
Bottom of the 2nd over - 0 runs, 0 hits, 0 errors, 0 left on base; Pawnee 0 - Tortolita 0 |
TOP OF THE 3RD |
Pawnee ParksNRec batting - Pitching for Tortolita Drummers : LHP Nick Dalton
|
Batting: RHB Hiroshige Ohashi
|
0-0: Ground out 2-3 (Groundball, 2L, EV 70.0 MPH)
|
Batting: RHB Bartolo Álvarez
|
0-0: Ball 1-0: SINGLE (Line Drive, 89S, EV 104.4 MPH)
|
Batting: RHB Josh Mawdesley
|
0-0: Called Strike Bartolo Álvarez steals 2nd base 0-1: Ground out 1-3 (Groundball, P, EV 79.4 MPH) Bartolo Álvarez to third
|
Batting: RHB Elmer Kent
|
0-0: Called Strike 0-1: Ball 1-1: Called Strike 1-2: Ball 2-2: Fly out, F8 (Flyball, 8LS, EV 83.8 MPH)
|
Top of the 3rd over - 0 runs, 1 hit, 0 errors, 1 left on base; Pawnee 0 - Tortolita 0 |
BOTTOM OF THE 3RD |
Tortolita Drummers batting - Pitching for Pawnee ParksNRec : RHP José Espinosa
|
Batting: SHB Fernando Rincón
|
0-0: Ball 1-0: Swinging Strike 1-1: Ball 2-1: Ground out 4-3 (Groundball, 4M, EV 105.0 MPH)
|
Batting: RHB Graeme Dormer
|
0-0: Ball 1-0: Foul Ball, location: 2F 1-1: Fly out, F9 (Flyball, 9S, EV 84.4 MPH)
|
Batting: LHB Carlos Leyva
|
0-0: Called Strike 0-1: Called Strike 0-2: Ball 1-2: DOUBLE (Line Drive, 8LXD, EV 96.9 MPH)
|
Batting: LHB Lonnie Baker
|
0-0: Ground out 6-3 (Groundball, 6, EV 105.6 MPH)
|
Bottom of the 3rd over - 0 runs, 1 hit, 0 errors, 1 left on base; Pawnee 0 - Tortolita 0 |
TOP OF THE 4TH |
Pawnee ParksNRec batting - Pitching for Tortolita Drummers : LHP Nick Dalton
|
Batting: LHB Won-shik Yi
|
0-0: Ball 1-0: Ball 2-0: Ground out U3 (Groundball, 34, EV 93.1 MPH)
|
Batting: RHB Charles Atkinson
|
0-0: Swinging Strike 0-1: Swinging Strike 0-2: Strikes out swinging
|
Batting: RHB Baldwin Biele
|
0-0: Ground out 5-3 (Groundball, 56, EV 85.0 MPH)
|
Top of the 4th over - 0 runs, 0 hits, 0 errors, 0 left on base; Pawnee 0 - Tortolita 0 |
BOTTOM OF THE 4TH |
Tortolita Drummers batting - Pitching for Pawnee ParksNRec : RHP José Espinosa
|
Batting: LHB Shawn Kyllo
|
0-0: Ball 1-0: Ball 2-0: Ball 3-0: Base on Balls
|
Batting: SHB John Wilder
|
0-0: Called Strike 0-1: Ball Shawn Kyllo steals 2nd base 1-1: Ground out 4-3 (Groundball, 4, EV 98.8 MPH) Shawn Kyllo to third
|
Batting: RHB Tsuneari Hirano
|
0-0: SINGLE (Groundball, 6MD, EV 100.6 MPH) Shawn Kyllo scores
|
Batting: RHB Ken Moore
|
0-0: Ball 1-0: Ball 2-0: Called Strike 2-1: SINGLE (Line Drive, 6MD, EV 100.0 MPH) Tsuneari Hirano to second Runner from 2nd tries for 3rd, SAFE, throw by CF made to third
|
Now in CF: Igme Padoga
|
|
Batting: RHB Lonnie Doble
|
0-0: Called Strike 0-1: Foul Ball, location: 2F 0-2: Ball 1-2: Foul Ball, location: 2F 1-2: Ball 2-2: Ball 3-2: Base on Balls Ken Moore to second
|
Batting: SHB Fernando Rincón
|
0-0: Fly out, F8 (Flyball, 8RXD, EV 81.9 MPH) Runner from 3rd tags up, SCORES, no throw by CF Ken Moore to third
|
Batting: RHB Graeme Dormer
|
0-0: Fielders Choice at 2nd, 6-4 (Groundball, 6, EV 104.4 MPH)
|
Bottom of the 4th over - 2 runs, 2 hits, 0 errors, 2 left on base; Pawnee 0 - Tortolita 2 |
TOP OF THE 5TH |
Pawnee ParksNRec batting - Pitching for Tortolita Drummers : LHP Nick Dalton
|
Batting: RHB Ashton Bailey
|
0-0: Swinging Strike 0-1: Called Strike 0-2: Ball 1-2: Foul Ball, location: 2F 1-2: Strikes out swinging
|
Batting: RHB Henry Kent
|
0-0: Ball 1-0: Ball 2-0: SINGLE (Groundball, 6MD, EV 100.0 MPH)
|
Batting: RHB Hiroshige Ohashi
|
0-0: Foul Ball, location: 2F 0-1: Ball 1-1: Foul Ball, location: 2F 1-2: Foul Ball, location: 2F 1-2: Ball 2-2: Foul Ball, location: 2F 2-2: Foul Ball, location: 2F 2-2: Foul Ball, location: 2F 2-2: SINGLE (Flyball, 7S, EV 93.1 MPH) Henry Kent to second
|
Batting: RHB Igme Padoga
|
0-0: Ball 1-0: Foul Ball, location: 2F 1-1: Ball 2-1: Ball 3-1: Called Strike 3-2: Fielders Choice at 2nd, 6-4 (Groundball, 6, EV 92.5 MPH) Henry Kent to third
|
Batting: RHB Josh Mawdesley
|
0-0: Ball 1-0: Ball 2-0: Called Strike 2-1: Foul Ball, location: 2F 2-2: Ball 3-2: Strikes out swinging
|
Top of the 5th over - 0 runs, 2 hits, 0 errors, 2 left on base; Pawnee 0 - Tortolita 2 |
BOTTOM OF THE 5TH |
Tortolita Drummers batting - Pitching for Pawnee ParksNRec : RHP José Espinosa
|
Batting: LHB Carlos Leyva
|
0-0: Ball 1-0: Ball 2-0: DOUBLE (Line Drive, 3D, EV 107.5 MPH)
|
Batting: LHB Lonnie Baker
|
0-0: Ball 1-0: Foul Ball, location: 2F 1-1: Called Strike 1-2: Foul Ball, location: 2F 1-2: Ball 2-2: Ball 3-2: Strikes out swinging
|
Batting: LHB Shawn Kyllo
|
0-0: Fly out, F9 (Flyball, 89M, EV 82.5 MPH)
|
Batting: SHB John Wilder
|
0-0: Ground out 4-3 (Groundball, 4, EV 88.8 MPH)
|
Bottom of the 5th over - 0 runs, 1 hit, 0 errors, 1 left on base; Pawnee 0 - Tortolita 2 |
TOP OF THE 6TH |
Pawnee ParksNRec batting - Pitching for Tortolita Drummers : LHP Nick Dalton
|
Batting: RHB Elmer Kent
|
0-0: Ball 1-0: Ball 2-0: Ball 3-0: Called Strike 3-1: Foul Ball, location: 2F 3-2: Foul Ball, location: 2F 3-2: Base on Balls
|
Batting: LHB Won-shik Yi
|
0-0: Called Strike 0-1: Foul Ball, location: 2F 0-2: Strikes out swinging
|
Batting: RHB Charles Atkinson
|
0-0: Ball 1-0: Ball 2-0: SINGLE (Groundball, 3, EV 88.8 MPH) (infield hit) Elmer Kent to second
|
Pitching: LHP Jerry Hamm
|
|
Batting: RHB Baldwin Biele
|
0-0: Ball 1-0: Foul Ball, location: 2F 1-1: Swinging Strike 1-2: Ball 2-2: Ball 3-2: Strikes out looking
|
Batting: RHB Ashton Bailey
|
0-0: Called Strike 0-1: Ball 1-1: Called Strike 1-2: Strikes out swinging
|
Top of the 6th over - 0 runs, 1 hit, 0 errors, 2 left on base; Pawnee 0 - Tortolita 2 |
BOTTOM OF THE 6TH |
Tortolita Drummers batting - Pitching for Pawnee ParksNRec : RHP José Espinosa
|
Batting: RHB Tsuneari Hirano
|
0-0: Foul Ball, location: 2F 0-1: Foul Ball, location: 2F 0-2: Ball 1-2: Ball 2-2: Ball 3-2: Foul Ball, location: 2F 3-2: Fly out, F9 (Flyball, 9D, EV 86.9 MPH)
|
Batting: RHB Ken Moore
|
0-0: Called Strike 0-1: Called Strike 0-2: Ball 1-2: Foul Ball, location: 2F 1-2: Ball 2-2: Foul Ball, location: 2F 2-2: Ball 3-2: Foul Ball, location: 2F 3-2: Foul Ball, location: 2F 3-2: Base on Balls
|
Batting: RHB Lonnie Doble
|
0-0: Swinging Strike Ken Moore is caught stealing 2nd base 2-4 0-1: SINGLE (Groundball, 34D, EV 96.9 MPH)
|
Batting: SHB Fernando Rincón
|
Pickoff Throw to First - Error! E1 Lonnie Doble to second 0-0: Ball 1-0: Ball 2-0: Called Strike 2-1: Fly out, F7 (Flyball, 7D, EV 98.1 MPH)
|
Bottom of the 6th over - 0 runs, 1 hit, 1 error, 1 left on base; Pawnee 0 - Tortolita 2 |
TOP OF THE 7TH |
Pawnee ParksNRec batting - Pitching for Tortolita Drummers : LHP Jerry Hamm
|
Batting: RHB Henry Kent
|
0-0: SINGLE (Groundball, 56D, EV 94.4 MPH)
|
Batting: RHB Hiroshige Ohashi
|
0-0: Ball 1-0: Sac Bunt to 15 - play at second, runner OUT! 1-6
|
Batting: RHB Igme Padoga
|
0-0: Swinging Strike 0-1: Called Strike 0-2: Strikes out swinging
|
Batting: RHB Josh Mawdesley
|
0-0: Ball Hiroshige Ohashi steals 2nd base 1-0: Foul Ball, location: 2F 1-1: Ball 2-1: Called Strike 2-2: Foul Ball, location: 2F 2-2: Foul Ball, location: 2F 2-2: Fly out, F8 (Flyball, 8LM, EV 88.1 MPH)
|
Top of the 7th over - 0 runs, 1 hit, 0 errors, 1 left on base; Pawnee 0 - Tortolita 2 |
BOTTOM OF THE 7TH |
Tortolita Drummers batting - Pitching for Pawnee ParksNRec : RHP José Espinosa
|
Pitching: LHP Markus Jutzi
|
|
Batting: RHB Graeme Dormer
|
0-0: Ball 1-0: Fly out, F7 (Flyball, 7LS, EV 85.6 MPH)
|
Batting: LHB Carlos Leyva
|
0-0: Ball 1-0: Hit by Pitch
|
Batting: LHB Lonnie Baker
|
0-0: Ball 1-0: Called Strike 1-1: Swinging Strike 1-2: Fly out, F5 (Popup, 5S, EV 71.9 MPH)
|
Batting: LHB Shawn Kyllo
|
0-0: Called Strike 0-1: Foul Ball, location: 2F 0-2: Foul Ball, location: 2F 0-2: Ball 1-2: Ball 2-2: Ball Carlos Leyva steals 2nd base 3-2: Strikes out swinging
|
Bottom of the 7th over - 0 runs, 0 hits, 0 errors, 1 left on base; Pawnee 0 - Tortolita 2 |
TOP OF THE 8TH |
Pawnee ParksNRec batting - Pitching for Tortolita Drummers : LHP Jerry Hamm
|
Batting: RHB Elmer Kent
|
0-0: Foul Ball, location: 2F 0-1: Ball 1-1: Foul Ball, location: 2F 1-2: Strikes out looking
|
Batting: LHB Won-shik Yi
|
0-0: Ball 1-0: Fly out, F4 (Flyball, 34D, EV 89.4 MPH)
|
Batting: RHB Charles Atkinson
|
0-0: Ball 1-0: Called Strike 1-1: Foul Ball, location: 2F 1-2: Foul Ball, location: 2F 1-2: Foul Ball, location: 2F 1-2: Strikes out looking and he ARGUES THE CALL AND IS TOSSED!
|
Top of the 8th over - 0 runs, 0 hits, 0 errors, 0 left on base; Pawnee 0 - Tortolita 2 |
BOTTOM OF THE 8TH |
Tortolita Drummers batting - Pitching for Pawnee ParksNRec : LHP Markus Jutzi
|
Now in RF: Ron Lee
|
|
Batting: SHB John Wilder
|
0-0: Ball 1-0: Ball 2-0: Ball 3-0: Base on Balls
|
Batting: RHB Tsuneari Hirano
|
0-0: Ball 1-0: Ball 2-0: Foul Ball, location: 2F 2-1: Ball 3-1: Fielders Choice at 2nd, 4-6 (Groundball, 34, EV 79.4 MPH)
|
Batting: RHB Ken Moore
|
0-0: Ball 1-0: Ball 2-0: DOUBLE (Flyball, 89XD, EV 108.8 MPH) Tsuneari Hirano to third Runner from 3rd tries for Home, SAFE, no throw by CF
|
Batting: RHB Lonnie Doble
|
0-0: Called Strike 0-1: Called Strike 0-2: Ball 1-2: Ball 2-2: Strikes out swinging
|
Batting: SHB Fernando Rincón
|
0-0: Ground out 5-3 (Groundball, 5, EV 97.5 MPH)
|
Bottom of the 8th over - 1 run, 1 hit, 0 errors, 1 left on base; Pawnee 0 - Tortolita 3 |
TOP OF THE 9TH |
Pawnee ParksNRec batting - Pitching for Tortolita Drummers : LHP Jerry Hamm
|
Pitching: RHP Carlos Taváres
|
|
Batting: RHB Baldwin Biele
|
0-0: Ball 1-0: Ball 2-0: Called Strike 2-1: Swinging Strike 2-2: Strikes out swinging
|
Batting: RHB Ashton Bailey
|
0-0: Called Strike 0-1: SINGLE (Flyball, 9LS, EV 89.4 MPH)
|
Batting: RHB Henry Kent
|
0-0: Ball 1-0: Called Strike 1-1: Ball 2-1: Fly out, F9 (Flyball, 89D, EV 103.1 MPH)
|
Batting: RHB Hiroshige Ohashi
|
0-0: Called Strike 0-1: Ball 1-1: Ball 2-1: Foul Ball, location: 2F 2-2: Foul Ball, location: 2F 2-2: Ball 3-2: SINGLE (Line Drive, 78S, EV 100.0 MPH) Ashton Bailey to second Ashton Bailey to third
|
Pinch Hitting: LHB Tom Washington
|
0-0: Ball 1-0: Ground out 6-3 (Groundball, 6S, EV 70.6 MPH)
|
Top of the 9th over - 0 runs, 2 hits, 0 errors, 2 left on base; Pawnee 0 - Tortolita 3 |
|